 Dungeon Crawl Stone Soup version 0.18-b1-16-g289874d (webtiles) character file.

4153 wvc the Basher (level 10, -5/67 HPs)
             Began as a Mummy Gladiator on May 1, 2016.
             Was an Elder of Okawaru.
             Slain by a basilisk (8 damage)
             ... on level 9 of the Dungeon.
             The game lasted 00:13:02 (7970 turns).

wvc the Basher (Mummy Gladiator)                    Turns: 7970, Time: 00:13:02

Health: -5/67      AC:  7    Str: 18    XL:     10   Next: 7%
Magic:  10/10      EV:  2    Int:  8    God:    Okawaru [****..]
Gold:   354        SH:  0    Dex: 16    Spells: 0 memorised, 9 levels left

rFire  x . .     SeeInvis .     t - +2 mace (drain)
rCold  + . .     Gourm    .     o - +0 ring mail
rNeg   + + +     Faith    .     (no shield)
rPois  ∞         Spirit   .     c - +0 helmet
rElec  .         Dismiss  .     l - +0 cloak
rCorr  .         Reflect  .     (no gloves)
SustAt .         Harm     .     (no boots)
MR     +....                    (no amulet)
Stlth  +.........               (no ring)
                                m - +4 ring of evasion

@: petrified, somewhat resistant to hostile enchantments, very unstealthy
A: no food or potions, fire vulnerability, cold resistance 1, negative energy
resistance 3, torment resistance, unbreathing
a: Heroism, Renounce Religion


You were on level 9 of the Dungeon.
You worshipped Okawaru.
Okawaru was greatly pleased with you.
You were not hungry.

You visited 2 branches of the dungeon, and saw 10 of its levels.

You collected 478 gold pieces.
You spent 124 gold pieces at shops.

Inventory:

Hand Weapons
 e - a +2 flail of pain
 p - a +0 blowgun
 t - a +2 mace of draining (weapon)
 v - a +1 whip of flaming
 z - a +2 dire flail
Missiles
 d - 2 throwing nets (quivered)
 g - 31 poisoned needles
Armour
 c - a +0 helmet (worn)
 l - a +0 cloak (worn)
 o - a +0 ring mail (worn)
Magical Staves
 n - an uncursed staff of wizardry
Rods
 s - a +0 rod of inaccuracy (10/10)
   (You found it on level 5 of the Dungeon)
Jewellery
 m - a +4 ring of evasion (left hand)
 x - an uncursed ring of teleportation
Wands
 j - a wand of slowing (18/48)
 k - a wand of enslavement (13/24)
 u - a wand of iceblast (8/15)
 w - a wand of disintegration (17/24)
 y - a wand of paralysis (13/24)
 B - a wand of iceblast (5/15)
 C - a wand of teleportation (3/9)
 D - a wand of lightning (11/15)
Scrolls
 a - 3 scrolls of magic mapping
 b - a scroll of fog
 f - 2 scrolls of teleportation
 h - a scroll of enchant armour
 i - 4 scrolls of enchant weapon
 q - a scroll of amnesia {unknown}
 r - 3 scrolls of noise
 A - a scroll of vulnerability {unknown}


   Skills:
 - Level 2.0 Fighting
 + Level 12.2 Maces & Flails
 - Level 1.5 Throwing
 - Level 2.4 Dodging


You had 9 spell levels left.
You didn't know any spells.

Dungeon Overview and Level Annotations

Branches:
Dungeon (9/15)             Temple (1/1) D:4            Lair (0/8) D:9
    Orc: D:9-12

Altars:
Ashenzari
Elyvilon
Fedhas
Gozag
Kikubaaqudgha
Makhleb
Okawaru
Qazlal
Ru
Sif Muna
Trog
Xom
Yredelemnul
Zin
The Shining One

Shops:
D:8 *


Innate Abilities, Weirdness & Mutations

You do not eat or drink.
Your flesh is vulnerable to fire.
You are immune to poison.
Your flesh is cold resistant.
You are immune to negative energy.
You are immune to unholy pain and torment.
You can survive without breathing.


Message History

The basilisk bites you!
* * * LOW HITPOINT WARNING * * *
The basilisk completely misses you. The basilisk bites you.
* * * LOW HITPOINT WARNING * * *
The basilisk bites you.
* * * LOW HITPOINT WARNING * * *
The basilisk gazes at you.
You easily resist.
The basilisk bites you!
* * * LOW HITPOINT WARNING * * *
The basilisk bites you!
* * * LOW HITPOINT WARNING * * *
The basilisk gazes at you.
You easily resist.
The basilisk bites you!
* * * LOW HITPOINT WARNING * * *
The basilisk gazes at you.
You easily resist.
The basilisk bites you!
You die...

...####.Y# ...#
#.Y#.. ... ...♣..
...#
#......♣..♣♣......
...#
#...........P..P..
...#
#.......♣..♣..P...
...#
#o.#...P♣..>.PP....
...#
#..#............!.♣
...#
#..#.$.....l.♣P.....
...#
#..#.....l@...♣.....
...#
#...............
.... #...P.........#
....#♣........## ...
#....P♣.## #
#...#...# #..##...#
....##...#
#>....##...#


You could see 2 basilisks.

Vanquished Creatures
  Pikel (D:5)
  Joseph (D:7)
  Prince Ribbit (D:5)
  Eustachio (D:6)
  2 porcupines (D:9)
  4 ice beasts
  A sky beast (D:7)
  3 phantoms
  2 ogres
  4 centaurs
  A crocodile (D:9)
  A giant frog (D:8)
  A wyvern skeleton (D:6)
  A water moccasin skeleton (D:7)
  A scorpion (D:7)
  5 wights (D:7)
  A howler monkey (D:6)
  A centaur zombie (D:8)
  A jelly (D:4)
  2 centaur skeletons
  2 giant frog skeletons
  3 hounds
  2 orc priests (D:3)
  7 orc wizards
  3 iguanas
  4 worker ants
  6 sheep
  A howler monkey zombie (D:8)
  2 howler monkey skeletons (D:4)
  4 gnolls
  6 adders
  2 river rats (D:9)
  4 oozes
  An adder zombie (D:6)
  2 adder skeletons (D:5)
  3 giant geckos
  26 orcs
  6 bats
  3 giant cockroaches
  5 goblins
  10 hobgoblins
  10 jackals
  3 quokkas
  2 ball pythons
  2 giant gecko skeletons
  7 giant newts
  8 kobolds
  A quokka skeleton (D:8)
  7 rats
177 creatures vanquished.

Vanquished Creatures (others)
  A slave (D:5)
  2 orcs (D:5)
  A plant (D:9)
4 creatures vanquished.

Grand Total: 181 creatures vanquished

Notes
Turn   | Place    | Note
--------------------------------------------------------------
     0 | D:1      | wvc the Mummy Gladiator began the quest for the Orb.
     0 | D:1      | Reached XP level 1. HP: 16/16 MP: 1/1
   124 | D:1      | Reached XP level 2. HP: 16/22 MP: 2/2
   127 | D:1      | Reached skill level 3 in Maces & Flails
   340 | D:1      | Reached XP level 3. HP: 20/27 MP: 3/3
  1406 | D:3      | Reached skill level 4 in Maces & Flails
  1651 | D:3      | Reached XP level 4. HP: 33/33 MP: 4/4
  2115 | D:4      | Reached XP level 5. HP: 37/38 MP: 5/5
  2140 | D:3      | Reached skill level 5 in Maces & Flails
  2354 | D:3      | Reached XP level 6. HP: 38/44 MP: 6/6
  2792 | D:4      | Reached skill level 6 in Maces & Flails
  2996 | D:4      | Found a staircase to the Ecumenical Temple.
  3005 | Temple   | Entered the Ecumenical Temple
  3025 | Temple   | Became a worshipper of Warmaster Okawaru
  3383 | D:4      | Found a deep blue altar of Sif Muna.
  3477 | D:4      | Reached XP level 7. HP: 48/50 MP: 7/7
  3518 | D:4      | Found a shimmering altar of Xom.
  3519 | D:4      | Found a white marble altar of Elyvilon.
  3653 | D:5      | Entered Level 5 of the Dungeon
  3653 | D:5      | Noticed Prince Ribbit
  3699 | D:5      | Identified a +0 rod of inaccuracy (10/10) (You found it on level 5 of the Dungeon)
  3846 | D:5      | Noticed Pikel
  3865 | D:5      | Killed Pikel
  3865 | D:5      | Reached * piety under Okawaru
  3865 | D:5      | Reached ** piety under Okawaru
  3865 | D:5      | Reached skill level 8 in Maces & Flails
  3865 | D:5      | Reached XP level 8. HP: 31/56 MP: 8/8
  3921 | D:5      | Killed Prince Ribbit
  4196 | D:5      | Found a glowing silver altar of Zin.
  4204 | D:5      | Found a shattered altar of Ashenzari.
  4454 | D:5      | Found a glowing golden altar of the Shining One.
  4492 | D:6      | Noticed Eustachio
  4534 | D:6      | Killed Eustachio
  4534 | D:6      | Reached skill level 9 in Maces & Flails
  5277 | D:6      | Reached skill level 10 in Maces & Flails
  5392 | D:7      | Reached *** piety under Okawaru
  5392 | D:7      | Reached XP level 9. HP: 54/61 MP: 9/9
  5888 | D:7      | Found a sacrificial altar of Ru.
  6187 | D:7      | Noticed Joseph
  6210 | D:7      | Killed Joseph
  6210 | D:7      | Reached skill level 11 in Maces & Flails
  6463 | D:8      | Found a bloodstained altar of Trog.
  6492 | D:8      | Reached **** piety under Okawaru
  7019 | D:8      | Found Okuxzy's Assorted Antiques.
  7106 | D:8      | Bought a worn silver wand for 124 gold pieces
  7452 | D:9      | Reached skill level 12 in Maces & Flails
  7646 | D:9      | Reached XP level 10. HP: 56/67 MP: 10/10
  7808 | D:9      | Found an ancient bone altar of Kikubaaqudgha.
  7808 | D:9      | Found a basalt altar of Yredelemnul.
  7810 | D:9      | Found a blossoming altar of Fedhas.
  7821 | D:9      | Found a stormy altar of Qazlal.
  7937 | D:9      | Found a staircase to the Lair.
  7969 | D:9      | HP: 2/67 [basilisk (4)]
  7970 | D:9      | Slain by a basilisk

Skill      XL: |  1  2  3  4  5  6  7  8  9 |
---------------+----------------------------+-----
Maces & Flails | 3 4 5 6 8 10 12 | 12.2
Fighting       | |  2.0
Throwing       | |  1.5
Dodging        | |  2.4

Action                   |  1- 3 |  4- 6 |  7- 9 | 10-12 || total
-------------------------+-------+-------+-------+-------++-------
Melee: Flail             |   113 |   150 |    44 |       ||   307
       Mace              |       |       |   367 |    30 ||   397
       Dire flail        |       |       |    28 |       ||    28
Throw: Throwing net      |       |       |     2 |       ||     2
Evoke: Rod               |       |       |     3 |       ||     3
  Use: Scroll            |     2 |     4 |    13 |       ||    19
 Stab: Held in net/web   |       |       |     2 |       ||     2
Armor: Leather armour    |    44 |       |       |       ||    44
       Ring mail         |       |    35 |    88 |    18 ||   141
Dodge: Dodged            |    88 |   101 |   311 |    21 ||   521
